Bruins vs Blues

Created - 9 mars 2022 at 16:58

Goals
1 2 3 OT1 T
Bruins 2 0 0 0 2
Blues 2 0 0 1 3
Shots
1 2 3 OT1 T
Bruins 9 11 11 0 31
Blues 9 5 11 1 26

GoalsPenalties
1st period
1. Blues , Adam Fox 8 (Bobby Ryan 18, Alex DeBrincat 31) at 0:43
2. Bruins , Dominik Kubalik 10 (Nick Schmaltz 18) at 14:11
3. Blues , Mats Zuccarello 17 (Valeri Nichushkin 25, Tyler Bozak 15) at 17:29
4. Bruins , Jakub Voracek 11 (Carter Verhaeghe 26, Mattias Ekholm 44) at 17:47
Calvin de Haan (STL) for Tripping (Minor) at 4:00
2nd period
No Goal
Alex DeBrincat (STL) for Holding (Minor) at 7:29
3rd period
No Goal
Mattias Ekholm (BOS) for Hooking (Minor) at 5:10
Overtime #1
5. Blues , Alex DeBrincat 20 (Adam Fox 45) at 0:32
No Penalty
Goalie Stats
Jack Campbell (BOS), 23 saves from 26 shots - (0,885), OTL, 25-14-5, 60:33 minutes
Thomas Greiss (STL), 29 saves from 31 shots - (0,935), W, 15-13-5, 60:33 minutes
3 StarsOfficial
1 - Adam Fox (STL)
2 - Alex DeBrincat (STL)
3 - Bobby Ryan (STL)
Referees : Jacob Brenk and Marc Joannette
Linesman : Jonny Murray and Kiel Murchison
Game Note
No Game Note



Team Name Goals Shots Shots Attemp Shots Blocked PIM HIT PP PK FO%
Bruins 2316162270 / 2 (0%)044%
Blues 32650134170 / 1 (0%)056%

Bruins
Player Name POS G A P +/- PIM HIT SHT SB MP PP MP PP SHT PK MP PK SHT FO% FOT
Brenden DillonD000-1050019:430:0001:2500% 0
Carter VerhaegheC/LW/RW0111020016:171:3700:000100% 1
Cole CaufieldRW000-1002010:551:3700:0000% 0
Derek StepanC000-1010010:000:0000:42047% 15
Dominik KubalikLW/RW1010017014:332:2120:0000% 0
Haydn FleuryD0001030015:330:0000:0000% 0
Jack EichelC000-2034021:202:2110:00038% 29
Jakub VoracekLW/RW1011004016:171:3700:0000% 1
Joel EdmundsonD000-1041123:321:3701:1000% 0
Kirby DachC/RW0001010112:210:0000:4200% 0
Mario FerraroD000-1010219:190:0001:0100% 0
Matthew NietoLW/RW000-1012012:121:3701:1700% 2
Mattias EkholmD0110210122:322:2100:0000% 0
Nick SchmaltzC/RW0111001011:390:0000:00041% 17
Olli MaattaD0001021115:550:0000:2200% 0
Patrick MarleauC/LW/RW0001000014:400:0000:00056% 16
Sam ReinhartC/RW000-1004020:472:2110:0000% 1
Tomas HertlC/LW000-1025022:042:2101:17067% 3
Blues
Player Name POS G A P +/- PIM HIT SHT SB MP PP MP PP SHT PK MP PK SHT FO% FOT
Adam FoxD1122002621:001:0201:4200% 0
Alex DeBrincatLW/RW1122224017:281:0200:00075% 4
Bobby RyanRW0112033017:240:5700:0000% 1
Brendan LemieuxLW/RW000000106:220:0000:0000% 0
Brett KulakD000-1010119:020:5700:1900% 0
Calvin de HaanD0001222119:120:0000:5100% 0
Colin BlackwellC000002006:510:0000:2900% 0
Evan RodriguesC/LW/RW000-1001016:150:0001:400100% 1
Lucas WallmarkC000-1001016:240:0001:49076% 17
Mats ZuccarelloRW1010002018:141:0200:00033% 3
Micheal FerlandLW/RW000-1010014:350:0000:0000% 0
Mikael GranlundC/LW/RW0001000016:561:0200:00053% 19
Nick BjugstadC/RW000000106:220:0000:00045% 11
Radko GudasD0000040221:110:0002:3700% 0
Tyler BozakC/RW0110004020:180:5712:09048% 27
Tyson BarrieD000-1003120:310:5712:2700% 0
Valeri NichushkinLW/RW0110021219:580:5701:490100% 2
Vince DunnD0000001019:361:0200:0000% 0

Bruins

5 vs 5 Forward
Line #Left WingCenterRight WingPHYDFOFWanted %Time %Time Play
1Tomas HertlJack EichelSam Reinhart0143434%18:26
2Carter VerhaeghePatrick MarleauJakub Voracek0232727%14:40
3Dominik KubalikNick SchmaltzKirby Dach0232222%11:39
4Matthew NietoDerek StepanCole Caufield0321717%9:18
5 vs 5 Defense
Line #DefenseDefensePHYDFOFWanted %Time %Time Play
1Mattias EkholmJoel Edmundson0414134%18:13
2Brenden DillonMario Ferraro1313034%18:18
3Haydn FleuryOlli Maatta0321929%15:33
4Mattias EkholmJoel Edmundson014104%1:59
Power Play Forward
Line #Left WingCenterRight WingPHYDFOFWanted %Time %Time Play
1Tomas HertlJack EichelSam Reinhart0056059%2:21
2Carter VerhaegheMatthew NietoJakub Voracek0054041%1:37
Power Play Defense
Line #DefenseDefensePHYDFOFWanted %Time %Time Play
1Mattias EkholmDominik Kubalik0056059%2:21
2Joel EdmundsonCole Caufield0144041%1:37
Penalty Kill 4 Players Forward
Line #CenterWingPHYDFOFWanted %Time %Time Play
1Tomas HertlMatthew Nieto0506065%1:17
2Derek StepanKirby Dach0504035%0:42
Penalty Kill 4 Players Defense
Line #DefenseDefensePHYDFOFWanted %Time %Time Play
1Brenden DillonMattias Ekholm2306090%1:47
2Joel EdmundsonMario Ferraro0504010%0:12
Penalty Kill 3 Players
Line #WingPHYDFOFWanted %Time %Time PlayDefenseDefensePHYDFOFWanted %Time %Time Play
1Matthew Nieto050500%0:00 Mattias EkholmBrenden Dillon050600%0:00
2Tomas Hertl050500%0:00 Joel EdmundsonMario Ferraro050400%0:00
4 vs 4 Forward
Line #CenterWingPHYDFOFWanted %Time %Time Play
1Jack EichelTomas Hertl014500%0:00
2Dominik KubalikSam Reinhart023500%0:00
4 vs 4 Defense
Line #DefensePHYDFOFWanted %Time %Time Play
1Mattias EkholmJoel Edmundson023500%0:00
2Mario FerraroBrenden Dillon131500%0:00
Last Minutes Offensive
Left WingCenterRight WingDefenseDefense
Dominik KubalikTomas HertlSam ReinhartMattias EkholmJack Eichel
Last Minutes Defensive
Left WingCenterRight WingDefenseDefense
Tomas HertlDerek StepanMatthew NietoMattias EkholmJoel Edmundson
Time
Total ForwardTotal DefenseLast Minutes OffensiveLast Minutes Defensive
60:00 60:00 0:000:00
Extra Forwards
Normal PowerPlayPenalty Kill
Tomas Hertl, Jack Eichel, Sam ReinhartTomas Hertl, Jakub VoracekTomas Hertl
Extra Defensemen
Normal PowerPlayPenalty Kill
Mattias Ekholm, Joel Edmundson, Brenden DillonMario Ferraro, Mattias EkholmJoel Edmundson
Penalty Shots
Jack Eichel, Dominik Kubalik, Sam Reinhart, Tomas Hertl, Carter Verhaeghe
Goalie
Jack Campbell, Alexandar Georgiev
Custom OT Lines Forwards
Jack Eichel, Dominik Kubalik, Tomas Hertl, Sam Reinhart, Carter Verhaeghe, Jakub Voracek, Kirby Dach, Nick Schmaltz, Cole Caufield, Derek Stepan
Custom OT Lines Defensemen
Joel Edmundson, Mattias Ekholm, Brenden Dillon, Mario Ferraro, Olli Maatta
Scratches
Evgeny Svechnikov (Healthy), Bryan Little (Healthy), Jake Virtanen (Healthy)

Blues

5 vs 5 Forward
Line #Left WingCenterRight WingPHYDFOFWanted %Time %Time Play
1Alex DeBrincatMikael GranlundBobby Ryan0233029%15:54
2Valeri NichushkinTyler BozakMats Zuccarello0233032%17:12
3Micheal FerlandLucas WallmarkEvan Rodrigues1222727%14:35
4Brendan LemieuxNick BjugstadColin Blackwell1221312%6:22
5 vs 5 Defense
Line #DefenseDefensePHYDFOFWanted %Time %Time Play
1Adam FoxCalvin de Haan0323433%17:43
2Tyson BarrieBrett Kulak0323332%17:07
3Vince DunnRadko Gudas0323334%18:34
4Brett KulakCalvin de Haan03201%0:39
Power Play Forward
Line #Left WingCenterRight WingPHYDFOFWanted %Time %Time Play
1Alex DeBrincatMikael GranlundMats Zuccarello0055052%1:02
2Valeri NichushkinTyler BozakBobby Ryan0055048%0:57
Power Play Defense
Line #DefenseDefensePHYDFOFWanted %Time %Time Play
1Adam FoxVince Dunn0235052%1:02
2Tyson BarrieBrett Kulak0235048%0:57
Penalty Kill 4 Players Forward
Line #CenterWingPHYDFOFWanted %Time %Time Play
1Tyler BozakEvan Rodrigues0325054%2:09
2Lucas WallmarkValeri Nichushkin0325046%1:49
Penalty Kill 4 Players Defense
Line #DefenseDefensePHYDFOFWanted %Time %Time Play
1Radko GudasAdam Fox0325038%1:31
2Calvin de HaanTyson Barrie0325062%2:27
Penalty Kill 3 Players
Line #WingPHYDFOFWanted %Time %Time PlayDefenseDefensePHYDFOFWanted %Time %Time Play
1Lucas Wallmark041500%0:00 Radko GudasAdam Fox032500%0:00
2Tyler Bozak041500%0:00 Calvin de HaanTyson Barrie032500%0:00
4 vs 4 Forward
Line #CenterWingPHYDFOFWanted %Time %Time Play
1Mikael GranlundAlex DeBrincat023500%0:00
2Nick BjugstadValeri Nichushkin023500%0:00
4 vs 4 Defense
Line #DefensePHYDFOFWanted %Time %Time Play
1Adam FoxVince Dunn032500%0:00
2Tyson BarrieBrett Kulak032500%0:00
Last Minutes Offensive
Left WingCenterRight WingDefenseDefense
Alex DeBrincatTyler BozakMats ZuccarelloAdam FoxVince Dunn
Last Minutes Defensive
Left WingCenterRight WingDefenseDefense
Evan RodriguesMikael GranlundValeri NichushkinRadko GudasCalvin de Haan
Time
Total ForwardTotal DefenseLast Minutes OffensiveLast Minutes Defensive
60:00 60:00 0:000:00
Extra Forwards
Normal PowerPlayPenalty Kill
Alex DeBrincat, Mats Zuccarello, Valeri NichushkinMats Zuccarello, Alex DeBrincatColin Blackwell
Extra Defensemen
Normal PowerPlayPenalty Kill
Adam Fox, Tyson Barrie, Radko GudasAdam Fox, Radko GudasCalvin de Haan
Penalty Shots
Alex DeBrincat, Mikael Granlund, Bobby Ryan, Mats Zuccarello, Valeri Nichushkin
Goalie
Thomas Greiss, Pavel Francouz
Custom OT Lines Forwards
Bobby Ryan, Alex DeBrincat, Valeri Nichushkin, Mikael Granlund, Mats Zuccarello, Lucas Wallmark, Colin Blackwell, Nick Bjugstad, Evan Rodrigues, Tyler Bozak
Custom OT Lines Defensemen
Adam Fox, Vince Dunn, Calvin de Haan, Radko Gudas, Tyson Barrie
Scratches
Kevin Stenlund (Healthy), Roman Polak (Healthy)


Play-by-Play

1st period


0:01 of 1st period - Mikael Granlund wins face-off versus Jack Eichel in neutral zone.
0:09 of 1st period - Shot by Alex DeBrincat.
0:09 of 1st period - Shot Blocked by Joel Edmundson.
0:13 of 1st period - Shot by Alex DeBrincat.
0:13 of 1st period - Shot Misses the Net.
0:39 of 1st period - Shot by Alex DeBrincat.
0:39 of 1st period - Shot Misses the Net.
0:41 of 1st period - Shot by Bobby Ryan.
0:41 of 1st period - Shot Misses the Net.
0:43 of 1st period - Shot by Adam Fox.
0:43 of 1st period - Goal by Adam Fox - Bruins : 0 - Blues : 1.
0:44 of 1st period - Tyler Bozak wins face-off versus Patrick Marleau in neutral zone.
1:03 of 1st period - Shot by Mats Zuccarello.
1:03 of 1st period - Deflect By Tyler Bozak.
1:03 of 1st period - Shot Misses the Net.
2:22 of 1st period - Icing by Olli Maatta.
2:23 of 1st period - Nick Schmaltz wins face-off versus Nick Bjugstad in Bruins zone.
2:42 of 1st period - Shot by Dominik Kubalik.
2:42 of 1st period - Stopped by Thomas Greiss without a rebound.
2:43 of 1st period - Derek Stepan wins face-off versus Mikael Granlund in Blues zone.
2:44 of 1st period - Shot by Matthew Nieto.
2:44 of 1st period - Shot Misses the Net.
3:07 of 1st period - Off-side.
3:08 of 1st period - Valeri Nichushkin wins face-off versus Jack Eichel in neutral zone.
3:15 of 1st period - Shot by Tyler Bozak.
3:15 of 1st period - Stopped by Jack Campbell without a rebound.
3:16 of 1st period - Jack Eichel wins face-off versus Lucas Wallmark in Bruins zone.
3:35 of 1st period - Shot by Tomas Hertl.
3:35 of 1st period - Shot Misses the Net.
3:37 of 1st period - Shot by Joel Edmundson.
3:37 of 1st period - Stopped by Thomas Greiss without a rebound.
3:38 of 1st period - Derek Stepan wins face-off versus Tyler Bozak in Blues zone.
3:39 of 1st period - Shot by Cole Caufield.
3:39 of 1st period - Stopped by Thomas Greiss with a rebound.
4:00 of 1st period - Minor Penalty to Calvin de Haan for Tripping.
4:01 of 1st period - Jack Eichel wins face-off versus Tyler Bozak in Blues zone.
4:06 of 1st period - Shot by Dominik Kubalik.
4:06 of 1st period - Shot Misses the Net.
4:08 of 1st period - Shot by Jack Eichel.
4:08 of 1st period - Stopped by Thomas Greiss without a rebound.
4:09 of 1st period - Lucas Wallmark wins face-off versus Jack Eichel in Blues zone.
4:29 of 1st period - Shot by Dominik Kubalik.
4:29 of 1st period - Stopped by Thomas Greiss without a rebound.
4:30 of 1st period - Lucas Wallmark wins face-off versus Matthew Nieto in Blues zone.
4:30 of 1st period - Lucas Wallmark is hit by Matthew Nieto.
5:27 of 1st period - Icing by Mattias Ekholm.
5:28 of 1st period - Jack Eichel wins face-off versus Tyler Bozak in Bruins zone.
5:30 of 1st period - Icing by Tomas Hertl.
5:31 of 1st period - Tyler Bozak wins face-off versus Jack Eichel in Bruins zone.
5:39 of 1st period - Off-side.
5:40 of 1st period - Lucas Wallmark wins face-off versus Jack Eichel in neutral zone.
6:30 of 1st period - Shot by Mikael Granlund.
6:30 of 1st period - Shot Misses the Net.
6:32 of 1st period - Shot by Alex DeBrincat.
6:32 of 1st period - Shot Hit the Post.
6:34 of 1st period - Shot by Calvin de Haan.
6:34 of 1st period - Stopped by Jack Campbell with a rebound.
6:36 of 1st period - Shot by Bobby Ryan.
6:36 of 1st period - Shot Misses the Net.
6:38 of 1st period - Shot by Calvin de Haan.
6:38 of 1st period - Stopped by Jack Campbell without a rebound.
6:39 of 1st period - Jack Eichel wins face-off versus Tyler Bozak in Bruins zone.
6:45 of 1st period - Valeri Nichushkin is hit by Mattias Ekholm and loses puck.
6:53 of 1st period - Joel Edmundson is hit by Radko Gudas and loses puck.
7:11 of 1st period - Tomas Hertl is hit by Radko Gudas.
7:45 of 1st period - Tyson Barrie is hit by Brenden Dillon and loses puck.
8:39 of 1st period - Icing by Brenden Dillon.
8:40 of 1st period - Nick Bjugstad wins face-off versus Nick Schmaltz in Bruins zone.
8:53 of 1st period - Shot by Adam Fox.
8:53 of 1st period - Shot Misses the Net.
9:58 of 1st period - Alex DeBrincat is hit by Brenden Dillon.
10:57 of 1st period - Shot by Sam Reinhart.
10:57 of 1st period - Stopped by Thomas Greiss without a rebound.
10:58 of 1st period - Tyler Bozak wins face-off versus Patrick Marleau in Blues zone.
10:58 of 1st period - Tyler Bozak is hit by Carter Verhaeghe.
11:32 of 1st period - Shot by Tyler Bozak.
11:32 of 1st period - Stopped by Jack Campbell without a rebound.
11:33 of 1st period - Lucas Wallmark wins face-off versus Derek Stepan in Bruins zone.
12:05 of 1st period - Icing by Adam Fox.
12:06 of 1st period - Lucas Wallmark wins face-off versus Sam Reinhart in Blues zone.
13:02 of 1st period - Shot by Tyson Barrie.
13:02 of 1st period - Stopped by Jack Campbell without a rebound.
13:03 of 1st period - Patrick Marleau wins face-off versus Mikael Granlund in Bruins zone.
13:03 of 1st period - Patrick Marleau is hit by Bobby Ryan.
14:05 of 1st period - Shot by Matthew Nieto.
14:05 of 1st period - Shot Blocked by Radko Gudas.
14:07 of 1st period - Shot by Derek Stepan.
14:07 of 1st period - Deflect By Cole Caufield.
14:07 of 1st period - Shot Blocked by Radko Gudas.
14:09 of 1st period - Shot by Cole Caufield.
14:09 of 1st period - Stopped by Thomas Greiss without a rebound.
14:10 of 1st period - Nick Schmaltz wins face-off versus Mats Zuccarello in Blues zone.
14:11 of 1st period - Shot by Dominik Kubalik.
14:11 of 1st period - Goal by Dominik Kubalik - Bruins : 1 - Blues : 1.
14:12 of 1st period - Jack Eichel wins face-off versus Tyler Bozak in neutral zone.
15:21 of 1st period - Evan Rodrigues is hit by Olli Maatta and loses puck.
16:25 of 1st period - Nick Bjugstad is hit by Haydn Fleury and loses puck.
16:28 of 1st period - Shot by Colin Blackwell.
16:28 of 1st period - Shot Misses the Net.
16:30 of 1st period - Shot by Brendan Lemieux.
16:30 of 1st period - Stopped by Jack Campbell without a rebound.
16:31 of 1st period - Patrick Marleau wins face-off versus Tyler Bozak in Bruins zone.
16:44 of 1st period - Shot by Carter Verhaeghe.
16:44 of 1st period - Shot Misses the Net.
16:49 of 1st period - Off-side.
16:50 of 1st period - Derek Stepan wins face-off versus Bobby Ryan in neutral zone.
17:25 of 1st period - Icing by Mario Ferraro.
17:26 of 1st period - Tyler Bozak wins face-off versus Derek Stepan in Bruins zone.
17:29 of 1st period - Shot by Mats Zuccarello.
17:29 of 1st period - Goal by Mats Zuccarello - Bruins : 1 - Blues : 2.
17:30 of 1st period - Evan Rodrigues wins face-off versus Jakub Voracek in neutral zone.
17:47 of 1st period - Shot by Jakub Voracek.
17:47 of 1st period - Goal by Jakub Voracek - Bruins : 2 - Blues : 2.
17:48 of 1st period - Tyler Bozak wins face-off versus Nick Schmaltz in neutral zone.
17:57 of 1st period - Shot by Mats Zuccarello.
17:57 of 1st period - Shot Misses the Net.
18:06 of 1st period - Icing by Mats Zuccarello.
18:07 of 1st period - Carter Verhaeghe wins face-off versus Tyler Bozak in Blues zone.
18:41 of 1st period - Shot by Adam Fox.
18:41 of 1st period - Stopped by Jack Campbell with a rebound.
19:04 of 1st period - Icing by Valeri Nichushkin.
19:05 of 1st period - Tyler Bozak wins face-off versus Derek Stepan in Blues zone.
19:07 of 1st period - Icing by Adam Fox.
19:08 of 1st period - Tyler Bozak wins face-off versus Derek Stepan in Blues zone.
Goals for this period are 2 for Bruins vs 2 for Blues.
Shots for this period are 9 for Bruins vs 9 for Blues.

2nd period


0:01 of 2nd period - Jack Eichel wins face-off versus Mikael Granlund in neutral zone.
0:11 of 2nd period - Sam Reinhart is hit by Radko Gudas and loses puck.
0:22 of 2nd period - Shot by Jack Eichel.
0:22 of 2nd period - Stopped by Thomas Greiss with a rebound.
0:38 of 2nd period - Shot by Tomas Hertl.
0:38 of 2nd period - Stopped by Thomas Greiss without a rebound.
0:39 of 2nd period - Nick Bjugstad wins face-off versus Patrick Marleau in Blues zone.
0:41 of 2nd period - Icing by Tyson Barrie.
0:42 of 2nd period - Nick Bjugstad wins face-off versus Patrick Marleau in Blues zone.
0:47 of 2nd period - Colin Blackwell is hit by Carter Verhaeghe and loses puck.
2:25 of 2nd period - Shot by Joel Edmundson.
2:25 of 2nd period - Shot Blocked by Calvin de Haan.
2:27 of 2nd period - Shot by Nick Schmaltz.
2:27 of 2nd period - Stopped by Thomas Greiss without a rebound.
2:28 of 2nd period - Jack Eichel wins face-off versus Mikael Granlund in Blues zone.
2:31 of 2nd period - Shot by Tomas Hertl.
2:31 of 2nd period - Shot Misses the Net.
2:33 of 2nd period - Shot by Olli Maatta.
2:33 of 2nd period - Stopped by Thomas Greiss with a rebound.
2:35 of 2nd period - Shot by Tomas Hertl.
2:35 of 2nd period - Stopped by Thomas Greiss with a rebound.
2:42 of 2nd period - Jack Eichel is hit by Calvin de Haan and loses puck.
3:06 of 2nd period - Jack Eichel is hit by Calvin de Haan and loses puck.
3:41 of 2nd period - Shot by Cole Caufield.
3:41 of 2nd period - Shot Blocked by Adam Fox.
3:43 of 2nd period - Shot by Joel Edmundson.
3:43 of 2nd period - Shot Blocked by Adam Fox.
3:53 of 2nd period - Shot by Matthew Nieto.
3:53 of 2nd period - Shot Misses the Net.
4:36 of 2nd period - Shot by Carter Verhaeghe.
4:36 of 2nd period - Shot Misses the Net.
4:38 of 2nd period - Shot by Brenden Dillon.
4:38 of 2nd period - Shot Misses the Net.
4:40 of 2nd period - Shot by Jakub Voracek.
4:40 of 2nd period - Stopped by Thomas Greiss without a rebound.
4:41 of 2nd period - Lucas Wallmark wins face-off versus Nick Schmaltz in Blues zone.
4:41 of 2nd period - Evan Rodrigues is hit by Kirby Dach and loses puck.
4:47 of 2nd period - Radko Gudas is hit by Olli Maatta and loses puck.
4:55 of 2nd period - Icing by Haydn Fleury.
4:56 of 2nd period - Nick Schmaltz wins face-off versus Nick Bjugstad in Bruins zone.
5:56 of 2nd period - Sam Reinhart is hit by Valeri Nichushkin and loses puck.
6:04 of 2nd period - Tyler Bozak is hit by Joel Edmundson and loses puck.
7:09 of 2nd period - Shot by Carter Verhaeghe.
7:09 of 2nd period - Shot Blocked by Adam Fox.
7:29 of 2nd period - Minor Penalty to Alex DeBrincat for Holding.
7:30 of 2nd period - Lucas Wallmark wins face-off versus Jack Eichel in Blues zone.
7:39 of 2nd period - Tyler Bozak is hit by Tomas Hertl and loses puck.
7:48 of 2nd period - Shot by Sam Reinhart.
7:48 of 2nd period - Stopped by Thomas Greiss without a rebound.
7:49 of 2nd period - Lucas Wallmark wins face-off versus Matthew Nieto in Blues zone.
8:48 of 2nd period - Colin Blackwell is hit by Jack Eichel and loses puck.
8:57 of 2nd period - Shot by Sam Reinhart.
8:57 of 2nd period - Shot Blocked by Adam Fox.
9:09 of 2nd period - Shot by Mattias Ekholm.
9:09 of 2nd period - Shot Misses the Net.
9:11 of 2nd period - Shot by Dominik Kubalik.
9:11 of 2nd period - Stopped by Thomas Greiss without a rebound.
9:12 of 2nd period - Lucas Wallmark wins face-off versus Jack Eichel in Blues zone.
9:51 of 2nd period - Shot by Mikael Granlund.
9:51 of 2nd period - Shot Blocked by Kirby Dach.
9:55 of 2nd period - Shot by Bobby Ryan.
9:55 of 2nd period - Stopped by Jack Campbell without a rebound.
9:56 of 2nd period - Derek Stepan wins face-off versus Nick Bjugstad in Bruins zone.
10:07 of 2nd period - Shot by Matthew Nieto.
10:07 of 2nd period - Stopped by Thomas Greiss without a rebound.
10:08 of 2nd period - Patrick Marleau wins face-off versus Tyler Bozak in Blues zone.
11:24 of 2nd period - Shot by Jack Eichel.
11:24 of 2nd period - Stopped by Thomas Greiss without a rebound.
11:25 of 2nd period - Mikael Granlund wins face-off versus Derek Stepan in Blues zone.
11:25 of 2nd period - Mikael Granlund is hit by Derek Stepan.
11:42 of 2nd period - Alex DeBrincat is hit by Haydn Fleury and loses puck.
11:52 of 2nd period - Icing by Mikael Granlund.
11:53 of 2nd period - Mikael Granlund wins face-off versus Jack Eichel in Blues zone.
12:15 of 2nd period - Shot by Mikael Granlund.
12:15 of 2nd period - Shot Misses the Net.
12:29 of 2nd period - Shot by Sam Reinhart.
12:29 of 2nd period - Shot Misses the Net.
13:19 of 2nd period - Shot by Evan Rodrigues.
13:19 of 2nd period - Shot Misses the Net.
13:29 of 2nd period - Shot by Lucas Wallmark.
13:29 of 2nd period - Shot Misses the Net.
13:31 of 2nd period - Shot by Lucas Wallmark.
13:31 of 2nd period - Shot Blocked by Mario Ferraro.
13:47 of 2nd period - Shot by Lucas Wallmark.
13:47 of 2nd period - Stopped by Jack Campbell without a rebound.
13:48 of 2nd period - Nick Schmaltz wins face-off versus Nick Bjugstad in Bruins zone.
13:55 of 2nd period - Shot by Nick Bjugstad.
13:55 of 2nd period - Shot Misses the Net.
13:57 of 2nd period - Shot by Calvin de Haan.
13:57 of 2nd period - Deflect By Nick Bjugstad.
13:57 of 2nd period - Stopped by Jack Campbell without a rebound.
13:58 of 2nd period - Mikael Granlund wins face-off versus Derek Stepan in Bruins zone.
14:05 of 2nd period - Joel Edmundson is hit by Alex DeBrincat and loses puck.
14:34 of 2nd period - Shot by Alex DeBrincat.
14:34 of 2nd period - Stopped by Jack Campbell without a rebound.
14:35 of 2nd period - Nick Schmaltz wins face-off versus Tyler Bozak in Bruins zone.
15:06 of 2nd period - Tyler Bozak is hit by Dominik Kubalik and loses puck.
15:29 of 2nd period - Icing by Haydn Fleury.
15:30 of 2nd period - Nick Schmaltz wins face-off versus Lucas Wallmark in Bruins zone.
15:46 of 2nd period - Icing by Brett Kulak.
15:47 of 2nd period - Lucas Wallmark wins face-off versus Patrick Marleau in Blues zone.
16:47 of 2nd period - Brenden Dillon is hit by Bobby Ryan and loses puck.
16:53 of 2nd period - Icing by Brenden Dillon.
16:54 of 2nd period - Jack Eichel wins face-off versus Mats Zuccarello in Bruins zone.
17:32 of 2nd period - Adam Fox is hit by Jack Eichel and loses puck.
17:47 of 2nd period - Icing by Adam Fox.
17:48 of 2nd period - Derek Stepan wins face-off versus Tyler Bozak in Blues zone.
17:53 of 2nd period - Shot by Matthew Nieto.
17:53 of 2nd period - Shot Misses the Net.
18:23 of 2nd period - Shot by Matthew Nieto.
18:23 of 2nd period - Stopped by Thomas Greiss without a rebound.
18:24 of 2nd period - Mikael Granlund wins face-off versus Nick Schmaltz in Blues zone.
18:31 of 2nd period - Shot by Bobby Ryan.
18:31 of 2nd period - Stopped by Jack Campbell without a rebound.
18:32 of 2nd period - Patrick Marleau wins face-off versus Mikael Granlund in Bruins zone.
18:38 of 2nd period - Mattias Ekholm is hit by Radko Gudas.
Goals for this period are 0 for Bruins vs 0 for Blues.
Shots for this period are 11 for Bruins vs 5 for Blues.

3rd period


0:01 of 3rd period - Nick Bjugstad wins face-off versus Jack Eichel in neutral zone.
0:09 of 3rd period - Off-side.
0:10 of 3rd period - Mikael Granlund wins face-off versus Nick Schmaltz in neutral zone.
1:21 of 3rd period - Shot by Sam Reinhart.
1:21 of 3rd period - Shot Misses the Net.
1:46 of 3rd period - Lucas Wallmark is hit by Brenden Dillon and loses puck.
1:53 of 3rd period - Shot by Evan Rodrigues.
1:53 of 3rd period - Stopped by Jack Campbell without a rebound.
1:54 of 3rd period - Derek Stepan wins face-off versus Nick Bjugstad in Bruins zone.
2:11 of 3rd period - Cole Caufield is hit by Colin Blackwell and loses puck.
3:10 of 3rd period - Shot by Jakub Voracek.
3:10 of 3rd period - Stopped by Thomas Greiss with a rebound.
3:49 of 3rd period - Shot by Evan Rodrigues.
3:49 of 3rd period - Shot Misses the Net.
3:53 of 3rd period - Shot by Tyson Barrie.
3:53 of 3rd period - Stopped by Jack Campbell without a rebound.
3:54 of 3rd period - Mikael Granlund wins face-off versus Nick Schmaltz in Bruins zone.
4:11 of 3rd period - Shot by Alex DeBrincat.
4:11 of 3rd period - Stopped by Jack Campbell without a rebound.
4:12 of 3rd period - Lucas Wallmark wins face-off versus Jack Eichel in Bruins zone.
4:12 of 3rd period - Lucas Wallmark is hit by Haydn Fleury.
4:26 of 3rd period - Brett Kulak is hit by Jack Eichel and loses puck.
4:39 of 3rd period - Shot by Jack Eichel.
4:39 of 3rd period - Stopped by Thomas Greiss with a rebound.
4:55 of 3rd period - Shot by Tomas Hertl.
4:55 of 3rd period - Stopped by Thomas Greiss without a rebound.
4:56 of 3rd period - Mats Zuccarello wins face-off versus Nick Schmaltz in Blues zone.
5:04 of 3rd period - Valeri Nichushkin is hit by Joel Edmundson and loses puck.
5:10 of 3rd period - Minor Penalty to Mattias Ekholm for Hooking.
5:11 of 3rd period - Tomas Hertl wins face-off versus Alex DeBrincat in Bruins zone.
5:47 of 3rd period - Kirby Dach is hit by Alex DeBrincat and loses puck.
6:23 of 3rd period - Off-side.
6:24 of 3rd period - Derek Stepan wins face-off versus Tyler Bozak in neutral zone.
6:24 of 3rd period - Joel Edmundson is hit by Valeri Nichushkin and loses puck.
6:45 of 3rd period - Shot by Tyson Barrie.
6:45 of 3rd period - Stopped by Jack Campbell without a rebound.
6:46 of 3rd period - Tyler Bozak wins face-off versus Tomas Hertl in Bruins zone.
6:46 of 3rd period - Tyson Barrie is hit by Mario Ferraro and loses puck.
6:51 of 3rd period - Shot by Tyler Bozak.
6:51 of 3rd period - Stopped by Jack Campbell without a rebound.
6:52 of 3rd period - Tomas Hertl wins face-off versus Tyler Bozak in Bruins zone.
7:18 of 3rd period - Dominik Kubalik is hit by Colin Blackwell and loses puck.
7:38 of 3rd period - Shot by Kirby Dach.
7:38 of 3rd period - Shot Misses the Net.
7:40 of 3rd period - Shot by Haydn Fleury.
7:40 of 3rd period - Shot Blocked by Adam Fox.
7:42 of 3rd period - Shot by Dominik Kubalik.
7:42 of 3rd period - Shot Misses the Net.
7:44 of 3rd period - Shot by Kirby Dach.
7:44 of 3rd period - Deflect By Nick Schmaltz.
7:44 of 3rd period - Shot Blocked by Adam Fox.
7:46 of 3rd period - Shot by Dominik Kubalik.
7:46 of 3rd period - Stopped by Thomas Greiss without a rebound.
7:47 of 3rd period - Lucas Wallmark wins face-off versus Patrick Marleau in Blues zone.
7:56 of 3rd period - Icing by Joel Edmundson.
7:57 of 3rd period - Patrick Marleau wins face-off versus Mikael Granlund in Bruins zone.
8:34 of 3rd period - Shot by Alex DeBrincat.
8:34 of 3rd period - Shot Misses the Net.
8:44 of 3rd period - Mattias Ekholm is hit by Bobby Ryan.
8:45 of 3rd period - Icing by Mattias Ekholm.
8:46 of 3rd period - Patrick Marleau wins face-off versus Tyler Bozak in Bruins zone.
8:58 of 3rd period - Icing by Mattias Ekholm.
8:59 of 3rd period - Patrick Marleau wins face-off versus Lucas Wallmark in Bruins zone.
9:19 of 3rd period - Brenden Dillon is hit by Micheal Ferland and loses puck.
9:26 of 3rd period - Calvin de Haan is hit by Tomas Hertl and loses puck.
9:51 of 3rd period - Shot by Tomas Hertl.
9:51 of 3rd period - Stopped by Thomas Greiss with a rebound.
10:18 of 3rd period - Icing by Haydn Fleury.
10:19 of 3rd period - Mikael Granlund wins face-off versus Derek Stepan in Bruins zone.
10:38 of 3rd period - Shot by Mikael Granlund.
10:38 of 3rd period - Shot Misses the Net.
10:40 of 3rd period - Shot by Alex DeBrincat.
10:40 of 3rd period - Shot Misses the Net.
10:50 of 3rd period - Shot by Alex DeBrincat.
10:50 of 3rd period - Stopped by Jack Campbell without a rebound.
10:51 of 3rd period - Tyler Bozak wins face-off versus Nick Schmaltz in Bruins zone.
11:01 of 3rd period - Off-side.
11:02 of 3rd period - Jack Eichel wins face-off versus Nick Bjugstad in neutral zone.
11:15 of 3rd period - Shot by Sam Reinhart.
11:15 of 3rd period - Stopped by Thomas Greiss without a rebound.
11:16 of 3rd period - Tyler Bozak wins face-off versus Nick Schmaltz in Blues zone.
11:37 of 3rd period - Shot by Dominik Kubalik.
11:37 of 3rd period - Deflect By Kirby Dach.
11:37 of 3rd period - Shot Blocked by Valeri Nichushkin.
11:39 of 3rd period - Shot by Mario Ferraro.
11:39 of 3rd period - Shot Blocked by Tyson Barrie.
11:45 of 3rd period - Shot by Kirby Dach.
11:45 of 3rd period - Shot Misses the Net.
11:47 of 3rd period - Shot by Dominik Kubalik.
11:47 of 3rd period - Stopped by Thomas Greiss without a rebound.
11:48 of 3rd period - Jack Eichel wins face-off versus Mikael Granlund in Blues zone.
12:06 of 3rd period - Off-side.
12:07 of 3rd period - Patrick Marleau wins face-off versus Lucas Wallmark in neutral zone.
14:11 of 3rd period - Icing by Brett Kulak.
14:12 of 3rd period - Nick Schmaltz wins face-off versus Mikael Granlund in Blues zone.
14:13 of 3rd period - Shot by Dominik Kubalik.
14:13 of 3rd period - Shot Blocked by Brett Kulak.
14:15 of 3rd period - Shot by Nick Schmaltz.
14:15 of 3rd period - Deflect By Dominik Kubalik.
14:15 of 3rd period - Shot Misses the Net.
14:46 of 3rd period - Alex DeBrincat is hit by Brenden Dillon.
15:19 of 3rd period - Icing by Haydn Fleury.
15:20 of 3rd period - Lucas Wallmark wins face-off versus Derek Stepan in Bruins zone.
15:58 of 3rd period - Shot by Vince Dunn.
15:58 of 3rd period - Shot Blocked by Olli Maatta.
16:20 of 3rd period - Shot by Valeri Nichushkin.
16:20 of 3rd period - Stopped by Jack Campbell with a rebound.
16:47 of 3rd period - Off-side.
16:48 of 3rd period - Mikael Granlund wins face-off versus Jack Eichel in neutral zone.
16:50 of 3rd period - Alex DeBrincat is hit by Joel Edmundson and loses puck.
17:14 of 3rd period - Shot by Bobby Ryan.
17:14 of 3rd period - Stopped by Jack Campbell with a rebound.
17:19 of 3rd period - Icing by Joel Edmundson.
17:20 of 3rd period - Nick Bjugstad wins face-off versus Jack Eichel in Bruins zone.
17:21 of 3rd period - Shot by Brendan Lemieux.
17:21 of 3rd period - Deflect By Colin Blackwell.
17:21 of 3rd period - Shot Blocked by Mattias Ekholm.
17:31 of 3rd period - Shot by Vince Dunn.
17:31 of 3rd period - Stopped by Jack Campbell without a rebound.
17:32 of 3rd period - Tyler Bozak wins face-off versus Patrick Marleau in Bruins zone.
17:43 of 3rd period - Shot by Calvin de Haan.
17:43 of 3rd period - Shot Blocked by Mario Ferraro.
17:45 of 3rd period - Shot by Tyler Bozak.
17:45 of 3rd period - Stopped by Jack Campbell without a rebound.
17:46 of 3rd period - Mikael Granlund wins face-off versus Nick Schmaltz in Bruins zone.
17:46 of 3rd period - Mikael Granlund is hit by Brenden Dillon.
18:05 of 3rd period - Shot by Dominik Kubalik.
18:05 of 3rd period - Stopped by Thomas Greiss without a rebound.
18:06 of 3rd period - Tyler Bozak wins face-off versus Jack Eichel in Blues zone.
18:14 of 3rd period - Tomas Hertl is hit by Brett Kulak and loses puck.
18:27 of 3rd period - Shot by Tomas Hertl.
18:27 of 3rd period - Stopped by Thomas Greiss without a rebound.
18:28 of 3rd period - Patrick Marleau wins face-off versus Mikael Granlund in Blues zone.
18:29 of 3rd period - Shot by Jakub Voracek.
18:29 of 3rd period - Shot Misses the Net.
18:37 of 3rd period - Shot by Jakub Voracek.
18:37 of 3rd period - Stopped by Thomas Greiss without a rebound.
18:38 of 3rd period - Jack Eichel wins face-off versus Tyler Bozak in Blues zone.
18:41 of 3rd period - Shot by Sam Reinhart.
18:41 of 3rd period - Stopped by Thomas Greiss without a rebound.
18:42 of 3rd period - Tyler Bozak wins face-off versus Jack Eichel in Blues zone.
18:47 of 3rd period - Shot by Mats Zuccarello.
18:47 of 3rd period - Stopped by Jack Campbell without a rebound.
18:48 of 3rd period - Valeri Nichushkin wins face-off versus Jack Eichel in Bruins zone.
18:54 of 3rd period - Tyler Bozak is hit by Joel Edmundson and loses puck.
19:23 of 3rd period - Shot by Jack Eichel.
19:23 of 3rd period - Deflect By Sam Reinhart.
19:23 of 3rd period - Shot Blocked by Valeri Nichushkin.
Goals for this period are 0 for Bruins vs 0 for Blues.
Shots for this period are 11 for Bruins vs 11 for Blues.

Overtime #1


0:01 of 1st overtime period - Alex DeBrincat wins face-off versus Jack Eichel in neutral zone.
0:05 of 1st overtime period - Off-side.
0:06 of 1st overtime period - Alex DeBrincat wins face-off versus Jack Eichel in neutral zone.
0:08 of 1st overtime period - Off-side.
0:09 of 1st overtime period - Alex DeBrincat wins face-off versus Jack Eichel in neutral zone.
0:32 of 1st overtime period - Shot by Alex DeBrincat.
0:32 of 1st overtime period - Goal by Alex DeBrincat - Bruins : 2 - Blues : 3.
Goals for this period are 0 for Bruins vs 1 for Blues.
Shots for this period are 0 for Bruins vs 1 for Blues.




Output by the SimonT Hockey Simulator (STHS) for Eric Henault - Original Page W3C HTML5 Valid
Hockey Simulator - Hockey Simulation - Hockey Manager